 Dungeon Crawl Stone Soup version 0.23.2-1-ga50397a (webtiles) character file.

Game seed: 1947614628230259314

2365 doot the Shield-Bearer (level 9, -6/74 HPs)
             Began as a Gnoll Fighter on May 14, 2019.
             Was an Initiate of Ashenzari.
             Killed from afar by a wretched star (29 damage)
             ... with an orb of energy
             ... on level 1 of the Abyss.
             The game lasted 00:12:21 (7244 turns).

doot the Shield-Bearer (Gnoll Fighter)              Turns: 7244, Time: 00:12:21

Health: -6/74      AC: 14    Str: 16 (19) XL:     9   Next: 44%
Magic:  12/12      EV:  9    Int:  7 (10) God:    Ashenzari [......]
Gold:   324        SH: 10    Dex:  8 (11) Spells: 16/16 levels left

rFire    + + .     SeeInvis .   a - +0 war axe
rCold    x . .     Gourm    .   c - +0 shield
rNeg     . . .     Faith    .   C - +0 fire dragon scales
rPois    .         Spirit   .   l - +2 hat (curse)
rElec    .         Reflect  .   v - +0 cloak
rCorr    .         Harm     .   (no gloves)
MR       +....                  (no boots)
Stlth    +.........             (no amulet)
HPRegen  0.00/turn              g - ring of protection from magic
MPRegen  0.13/turn              J - +4 ring of protection

@: mighty, very slightly contaminated, invisible
A: distributed training, fangs 1, [blurry vision 2], [clumsy 2], [deformed
body], [dopey 2], [low mp 2], [inhibited regeneration], [weak 2], [no potion
heal 3], strong nose
a: Curse Item, Renounce Religion


You were on level 1 of the Abyss.
You worshipped Ashenzari.
Ashenzari was noncommittal.
You were near starving.

You visited 2 branches of the dungeon, and saw 9 of its levels.
You visited the Abyss 1 time.

You collected 324 gold pieces.

Inventory:

Hand Weapons
 a - a +0 war axe (weapon)
 N - a +0 halberd of flaming
Armour
 b - a +0 scale mail
 c - a +0 shield (worn)
 l - a cursed +2 hat (worn)
 v - a +0 cloak (worn)
 C - +0 fire dragon scales (worn)
 D - a +0 robe of resistance
Jewellery
 g - a ring of protection from magic (left hand)
 o - a cursed ring of teleportation
 p - an uncursed ring of protection from fire
 J - a +4 ring of protection (right hand)
 L - an uncursed ring of resist corrosion
Wands
 j - a wand of acid (15)
 u - a wand of paralysis (4)
 x - a wand of disintegration (12)
Scrolls
 e - 4 scrolls of fog {unknown}
 h - 9 scrolls of remove curse
 i - 6 scrolls of identify
 n - 5 scrolls of teleportation
 s - 3 scrolls of noise {unknown}
 t - a scroll of enchant weapon {unknown}
 w - a scroll of immolation {unknown}
 y - a scroll of fear {unknown}
 A - 3 scrolls of amnesia {unknown}
 B - a scroll of random uselessness {unknown}
 G - a scroll of magic mapping {unknown}
 I - a scroll of summoning {unknown}
 K - a scroll of enchant armour {unknown}
Potions
 k - a potion of haste
 m - 2 potions of curing
 q - 2 potions of degeneration
 E - a potion of lignification {unknown}
 F - a potion of berserk rage {unknown}
 H - a potion of agility {unknown}
Comestibles
 f - 12 rations


   Skills:
 + Level 7.8 Fighting
 + Level 4.1 Short Blades
 + Level 4.1 Long Blades
 + Level 6.2 Axes
 + Level 4.1 Maces & Flails
 + Level 4.1 Polearms
 + Level 4.1 Staves
 + Level 4.1 Slings
 + Level 4.1 Bows
 + Level 4.1 Crossbows
 + Level 4.1 Throwing
 + Level 7.8 Armour
 + Level 4.1 Dodging
 + Level 4.1 Stealth
 + Level 7.8 Shields
 + Level 4.1 Unarmed Combat
 + Level 4.1 Spellcasting
 + Level 3.4 Conjurations
 + Level 3.4 Hexes
 + Level 3.4 Charms
 + Level 3.4 Summonings
 + Level 3.4 Necromancy
 + Level 3.4 Translocations
 + Level 3.4 Transmutations
 + Level 3.4 Fire Magic
 + Level 3.4 Ice Magic
 + Level 3.4 Air Magic
 + Level 3.4 Earth Magic
 + Level 3.4 Poison Magic
 + Level 4.6 Invocations
 + Level 4.1 Evocations


You had 16 spell levels left.
You didn't know any spells.
Your spell library was empty.

Dungeon Overview and Level Annotations

Branches:
Dungeon (8/15)             Temple (1/1) D:5
   Lair: D:8-11

Altars:
Ashenzari
Elyvilon
Gozag
Hepliaklqana
Kikubaaqudgha
Makhleb
Nemelex Xobeh
Okawaru
Qazlal
Ru
Sif Muna
Uskayaw
Vehumet
Wu Jian
Xom
Yredelemnul
Zin
The Shining One

Annotations:
D:8 Psyche


Innate Abilities, Weirdness & Mutations

Your experience applies equally to all skills.
You have very sharp teeth.
Your uncanny sense of smell can sniff out nearby items.
[Scrolls take you longer to read.]
[You are very clumsy. (Dex -4)]
[Armour fits poorly on your strangely shaped body.]
[You are very dopey. (Int -4)]
[Your magical capacity is very low. (-20% MP)]
[You do not regenerate when monsters are visible.]
[You are very weak. (Str -4)]
[Potions cannot restore your health.]


Message History

Unknown command.
You bump into the rock wall.
You are near starving!
Unknown command.
You bump into the rock wall.
Unknown command.
You bump into the rock wall.
You hit the wretched star.
The wretched star is heavily damaged.
You feel less invigorated.
You feel yourself speed up.
You feel less confused.
You slash the wretched star!
The wretched star is severely damaged.
The wretched star pulses with an eldritch light!
Your system completely rejects the healing effects of potions.
You hit the wretched star.
The wretched star is severely damaged.
The wretched star glows turbulently.
The orb of energy hits you!!
You die...

#.. .. ##
# .. . #
#. . #.
##. #.
#..##
...##.#*#
#..#.@#
#.### ##.
# .####
..# . .#
#.. ..#


You could see a wretched star.

Vanquished Creatures
  2 hippogriffs
  A wraith (Abyss:1)
  Menkaure (D:5)
  A sky beast (D:4)
  2 centaurs (D:5)
  3 ogres
  A phantom (D:5)
  2 bullfrogs
  A scorpion (D:6)
  4 howler monkeys
  3 crimson imps
  2 bullfrog zombies
  3 jellies
  An orc priest (D:4)
  Crazy Yiuf (D:5)
  2 hounds
  4 orc wizards (D:4)
  5 iguanas
  A worker ant (D:5)
  A hound zombie (D:7)
  A howler monkey zombie (D:7)
  A worker ant zombie (D:7)
  7 gnolls
  9 adders
  2 shadow imps
  An ooze (D:1)
  3 worms
  6 dart slugs
  5 leopard geckos
  7 orcs
  3 ball pythons
  5 giant cockroaches
  4 goblins
  5 hobgoblins
  12 jackals
  7 kobolds
  6 quokkas
  10 bats
  6 frilled lizards
  16 rats
157 creatures vanquished.

Notes
Turn   | Place    | Note
-------+----------+-------------------------------------------
     0 | D:1      | doot the Gnoll Fighter began the quest for the Orb.
     0 | D:1      | Reached XP level 1. HP: 23/23 MP: 1/1
   116 | D:1      | Reached XP level 2. HP: 25/29 MP: 2/2
   247 | D:1      | Reached XP level 3. HP: 35/35 MP: 3/3
   527 | D:2      | Reached skill level 1 in Invocations
   738 | D:2      | Reached skill level 1 in Short Blades
   738 | D:2      | Reached skill level 1 in Long Blades
   738 | D:2      | Reached skill level 1 in Maces & Flails
   738 | D:2      | Reached skill level 1 in Polearms
   738 | D:2      | Reached skill level 1 in Staves
   738 | D:2      | Reached skill level 1 in Slings
   738 | D:2      | Reached skill level 1 in Bows
   738 | D:2      | Reached skill level 1 in Crossbows
   738 | D:2      | Reached skill level 1 in Throwing
   738 | D:2      | Reached skill level 1 in Dodging
   738 | D:2      | Reached skill level 1 in Stealth
   738 | D:2      | Reached skill level 1 in Unarmed Combat
   738 | D:2      | Reached skill level 1 in Spellcasting
   738 | D:2      | Reached skill level 1 in Evocations
   893 | D:2      | Reached XP level 4. HP: 41/41 MP: 5/5
  1681 | D:3      | Reached skill level 1 in Conjurations
  1681 | D:3      | Reached skill level 1 in Hexes
  1681 | D:3      | Reached skill level 1 in Charms
  1681 | D:3      | Reached skill level 1 in Summonings
  1681 | D:3      | Reached skill level 1 in Necromancy
  1681 | D:3      | Reached skill level 1 in Translocations
  1681 | D:3      | Reached skill level 1 in Transmutations
  1681 | D:3      | Reached skill level 1 in Fire Magic
  1681 | D:3      | Reached skill level 1 in Ice Magic
  1681 | D:3      | Reached skill level 1 in Air Magic
  1681 | D:3      | Reached skill level 1 in Earth Magic
  1681 | D:3      | Reached skill level 1 in Poison Magic
  2110 | D:3      | Found an ancient bone altar of Kikubaaqudgha.
  2474 | D:4      | Noticed a bullfrog
  2481 | D:4      | Killed a bullfrog
  2481 | D:4      | Reached XP level 5. HP: 38/47 MP: 5/7
  2504 | D:4      | Noticed an ogre
  2514 | D:4      | Killed an ogre
  2514 | D:4      | Reached XP level 6. HP: 42/53 MP: 8/8
  2586 | D:4      | Noticed a hippogriff
  2599 | D:4      | Killed a hippogriff
  2599 | D:4      | Reached skill level 5 in Axes
  2869 | D:4      | Reached XP level 7. HP: 59/59 MP: 10/10
  3397 | D:5      | Entered Level 5 of the Dungeon
  3443 | D:5      | Noticed Menkaure
  3465 | D:5      | Killed Menkaure
  3563 | D:5      | Reached XP level 8. HP: 32/67 MP: 12/12
  3865 | D:5      | Found a radiant altar of Vehumet.
  4118 | D:5      | Found a staircase to the Ecumenical Temple.
  4145 | Temple   | Entered the Ecumenical Temple
  4163 | Temple   | Became a worshipper of Ashenzari the Shackled
  4225 | D:5      | Found a burning altar of Makhleb.
  4686 | D:5      | Found a runed translucent door.
  4687 | D:5      | Noticed Crazy Yiuf
  4695 | D:5      | Killed Crazy Yiuf
  4817 | D:5      | Found an ornate altar of the Wu Jian Council.
  5320 | D:6      | Reached XP level 9. HP: 9/72 MP: 14/14
  6400 | D:7      | Found a shimmering altar of Xom.
  6887 | D:8      | Noticed Psyche
  6892 | D:8      | Cast into level 1 of the Abyss (Psyche)
  6938 | Abyss:1  | Noticed a black draconian stormcaller
  6951 | Abyss:1  | Noticed a wind drake
  6951 | Abyss:1  | Noticed a wind drake
  6951 | Abyss:1  | Noticed a komodo dragon
  6952 | Abyss:1  | Noticed a lindwurm
  6993 | Abyss:1  | Noticed a starcursed mass
  7203 | Abyss:1  | Noticed a wretched star
  7244 | Abyss:1  | Killed from afar by a wretched star

Skill      XL: |  1  2  3  4  5  6  7  8  9 |
---------------+----------------------------+-----
Invocations    | 1 2 3 4 |  4.6
Short Blades   | 1 2 3 4 |  4.1
Long Blades    | 1 2 3 4 |  4.1
Maces & Flails | 1 2 3 4 |  4.1
Polearms       | 1 2 3 4 |  4.1
Staves         | 1 2 3 4 |  4.1
Slings         | 1 2 3 4 |  4.1
Bows           | 1 2 3 4 |  4.1
Crossbows      | 1 2 3 4 |  4.1
Throwing       | 1 2 3 4 |  4.1
Dodging        | 1 2 3 4 |  4.1
Stealth        | 1 2 3 4 |  4.1
Unarmed Combat | 1 2 3 4 |  4.1
Spellcasting   | 1 2 3 4 |  4.1
Evocations     | 1 2 3 4 |  4.1
Conjurations   | 1 2 3 |  3.4
Hexes          | 1 2 3 |  3.4
Charms         | 1 2 3 |  3.4
Summonings     | 1 2 3 |  3.4
Necromancy     | 1 2 3 |  3.4
Translocations | 1 2 3 |  3.4
Transmutations | 1 2 3 |  3.4
Fire Magic     | 1 2 3 |  3.4
Ice Magic      | 1 2 3 |  3.4
Air Magic      | 1 2 3 |  3.4
Earth Magic    | 1 2 3 |  3.4
Poison Magic   | 1 2 3 |  3.4
Axes           | 5 6 |  6.2
Fighting       | 7 |  7.8
Armour         | 7 |  7.8
Shields        | 7 |  7.8

Action                   |  1- 3 |  4- 6 |  7- 9 || total
-------------------------+-------+-------+-------++-------
Melee: War axe           |    82 |   105 |   358 ||   545
       Bite              |    11 |     9 |    44 ||    64
Invok: Curse Item        |       |       |     1 ||     1
Evoke: Wand              |       |       |     1 ||     1
  Use: Potion            |       |       |     7 ||     7
       Scroll            |       |       |     2 ||     2
 Stab: Sleeping          |       |       |     1 ||     1
  Eat: Chunk             |       |     6 |    10 ||    16
       Ration            |       |       |     1 ||     1
Armor: Scale mail        |    32 |    53 |    90 ||   175
       Fire dragon scale |       |       |    81 ||    81
Dodge: Dodged            |    26 |    42 |   122 ||   190
Block: Shield            |    53 |    69 |   215 ||   337
